 Dungeon Crawl Stone Soup version 0.32-a0-43-g058985b245 (webtiles) character file.

Game seed: 4417001000209813364

27 cforsyth the Magician (level 3, 0/28 HPs)
             Began as a Djinni Warper on Feb 4, 2024.
             Slain by an endoplasm (2 damage)
             ... on level 2 of the Dungeon.
             The game lasted 00:00:57 (813 turns).

cforsyth the Magician (Djinni Warper)                Turns: 813, Time: 00:00:57

Health: 0/28       AC:  3    Str: 10    XL:     3   Next: 25%
Gold:   103        EV:  6    Int: 16    God:
                   SH:  0    Dex: 12

rFire   + + .        a - +0 falchion
rCold   x . .        (no shield)
rNeg    . . .        b - +0 leather armour
rPois   ∞            (no helmet)
rElec   .            (no cloak)
rCorr   .            (no gloves)
SInv    .            (boots unavailable)
Will    .....        (no amulet)
Stlth   +            (no ring)
HPRegen 0.24/turn    (no ring)
MPRegen 0.00/turn

%: infuse magic (-1 HP)
@: on blink cooldown, flying, held
A: sickness immunity, fire resistance 2, cold vulnerability 1, float, innate
caster, HP casting, extra vitality 1
a: no special abilities


You were on level 2 of the Dungeon.
You visited 1 branch of the dungeon, and saw 2 of its levels.

You collected 103 gold pieces.

Inventory:

Hand Weapons
 a - a +0 falchion (weapon)
Missiles
 d - 6 darts of dispersal
 i - 6 atropa-tipped darts
 k - 4 poisoned darts
Armour
 b - a +0 leather armour (worn)
Jewellery
 j - a +4 ring of protection
Scrolls
 c - a scroll of blinking
 f - 2 scrolls of teleportation {unknown}
 g - a scroll of revelation {unknown}
Potions
 e - 2 potions of curing {unknown}
 h - a potion of attraction {unknown}


   Skills:
 + Level 2.2 Fighting
 + Level 2.0 Long Blades
 + Level 1.0 Throwing
 + Level 1.3 Armour
 + Level 2.4 Dodging
 + Level 3.0 Spellcasting
 + Level 3.0 Conjurations
 + Level 3.0 Hexes
 + Level 3.0 Summonings
 + Level 3.0 Necromancy
 + Level 3.0 Translocations
 + Level 3.0 Fire Magic
 + Level 3.0 Ice Magic
 + Level 3.0 Air Magic
 + Level 3.0 Earth Magic
 + Level 3.0 Alchemy


You knew the following spells:

 Your Spells              Type           Power      Damage    Failure   Level
a - Blink                 Tloc           24%        N/A       11%         2
b - Lesser Beckoning      Tloc           24%        N/A       11%         2
c - Teleport Other        Tloc           12%        N/A       22%         3
d - Manifold Assault      Tloc           12%        N/A       56%         4
e - Vhi's Electric Charg  Tloc/Air       24%        N/A       56%         4
f - Necrotise             Necr           48%        1d6       7%          1
Your spell library was empty.

Dungeon Overview and Level Annotations

Branches:
Dungeon (2/15)

Altars:


Innate Abilities, Weirdness & Mutations

You are immune to sickness and miasma.
You are immune to poison.
Your flesh is very heat resistant. (rF++)
You are vulnerable to cold. (rC-)
You float through the air rather than walking.
You learn spells naturally, not from books.
Your magical power is your life essence.
You have superior vitality. (+4 MHP)


Message History

The goblin writhes in agony.
You kill the goblin!
The dead are walking!
The rat squeaks loudly.
The ribbon worm expels a string of sticky webbing.
The stream of webbing hits you but does no damage.
You are caught in a web!
You can't go up here!
You can't go up here!
You can't go up here!
The web tears apart.
An endoplasm comes into view.
Found 3 large rocks.
The ribbon worm bites your goblin skeleton!
Your goblin skeleton is destroyed!
Found a stone staircase leading down.
The rat bites you. The rat closely misses you. The endoplasm freezes you.
You are frozen!
You feel a terrible chill! The rat barely misses you.
The endoplasm jiggles.
The rat bites you but does no damage.
There is a stone staircase leading down here.
A hobgoblin comes into view.
The hobgoblin shouts!
You hear an angry hiss.
The giant cockroach bites you.
Casting: Necrotise (safe; 7% risk of failure)
Confirm with . or Enter, or press ? or * to list all spells.
You blink.
The ribbon worm bites you. The endoplasm freezes you.
You are frozen.
You feel a terrible chill! The endoplasm closely misses you.
The ribbon worm expels a string of sticky webbing.
The stream of webbing hits you but does no damage.
You are caught in a web!
The endoplasm freezes you.
You are frozen!
You feel a terrible chill!
* * * LOW HITPOINT WARNING * * *
The endoplasm attacks as it pursues you!
The endoplasm hits you.
You die...

#........ ...
#........... ..
#...g....... .###
########...........
.[.#
#..................
r..#
#..................
...#
#......>..r........
...##
#.......wJw........
.....
#.>([....J@.)......
.....
#.......B#####.....
..... ##########
.... ....? # .....
..... ..... ....<


You could see 2 ribbon worms, 2 endoplasms, a giant cockroach, a hobgoblin and a
rat.

Vanquished Creatures
  2 ball pythons (D:1)
  2 bats (D:1)
  A giant cockroach (D:1)
  4 goblins
  3 hobgoblins (D:1)
  3 kobolds (D:1)
  4 quokkas (D:1)
  2 frilled lizards (D:1)
  3 rats (D:1)
24 creatures vanquished.

Notes
Turn   | Place    | Note
-------+----------+-------------------------------------------
     0 | D:1      | cforsyth the Djinni Warper began the quest for the Orb.
     0 | D:1      | cforsyth set off with the following spells memorised:
                  | Blink, Lesser Beckoning, Teleport Other, Manifold Assault,
                  | Vhi's Electric Charge.
     0 | D:1      | Reached XP level 1. HP: 18/18 MP: 0/0
   136 | D:1      | Reached XP level 2. HP: 23/23 MP: 0/0
   257 | D:1      | Reached skill level 1 in Throwing
   386 | D:1      | Reached XP level 3. HP: 15/28 MP: 0/0
   386 | D:1      | Learned a level 1 spell: Necrotise
   813 | D:2      | Slain by an endoplasm

Illustrated notes

Levels and vault maps discovered:
D:1:      nzn_arrival_crosshair, layout_loops_ring, minmay_misc_feat_diagonals,
          minmay_misc_feat_rows, kennysheep_flooded_box
D:2:      layout_basic, uniq_crazy_yiuf_cottage

Skill      XL: |  1  2 |
---------------+-------+-----
Spellcasting   | 3 |  3.0
Conjurations   | 3 |  3.0
Hexes          | 3 |  3.0
Summonings     | 3 |  3.0
Necromancy     | 3 |  3.0
Translocations | 3 |  3.0
Fire Magic     | 3 |  3.0
Ice Magic      | 3 |  3.0
Air Magic      | 3 |  3.0
Earth Magic    | 3 |  3.0
Alchemy        | 3 |  3.0
Long Blades    | 2 |  2.0
Throwing       | 1 |  1.0
Fighting       | |  2.2
Armour         | |  1.3
Dodging        | |  2.4

Action                     || total
---------------------------++-------
  Melee: Falchion          ||    71
  Throw: Dart              ||     1
   Cast: Necrotise         ||     3
         Blink             ||     1
   Stab: Sleeping          ||     1
 Armour: Leather armour    ||    50
  Dodge: Dodged            ||    56

Table legend: (Time is in decaauts)
 A = Elapsed time spent in this place.
 B = Non-inter-level travel time spent in this place.
 C = Inter-level travel time spent in this place.
 D = Time resting spent in this place.
 E = Time spent auto-exploring this place.
 F = Levels seen in this place.
 G = Mean time per level.
                   A        B        C        D        E       F      G
               +--------+--------+--------+--------+--------+-----+--------+
         Total |    827 |    802 |     25 |      0 |    632 |   2 |  413.5 |
       Dungeon |    827 |    802 |     25 |      0 |    632 |   2 |  413.5 |
               +--------+--------+--------+--------+--------+-----+--------+

Top non-repeatable levels by time:
     D:1: 813 daAuts
     D:2: 13 daAuts
